 Dungeon Crawl Stone Soup version 0.15.2 (webtiles) character file.

521237 bwiles81 the Impregnable (level 24, 107/223 (231) HPs)
             Began as a Minotaur Berserker on Jan 30, 2015.
             Was the Champion of Trog.
             Quit the game on Level 1 of the Realm of Zot on Feb 3, 2015.
             The game lasted 05:59:32 (65538 turns).

bwiles81 the Impregnable (Minotaur Berserker)      Turns: 65538, Time: 05:59:32

HP 107/223 (231) AC 47     Str 27      XL: 24   Next: 11%
MP  37/37        EV 26     Int  6      God: Trog [******]
Gold 4252        SH 20     Dex 22      Spells:  0 memorised, 23 levels left

rFire  + + .     SeeInvis +     E - +9 demon whip (drain)
rCold  + + +     Clarity  +     i - +15 Maxwell's patent armour {rC+ rF+, -Cast -Tele MR+}
rNeg   + . .     rCorr    .     H - +2 shield of Resistance {rF+ rC+ MR+}
rPois  .         rRot     .     Y - +2 hat
rElec  .         Spirit   .     Z - +0 cloak of Objectivity {Dex+2 Int+2}
SustAb .         Warding  .     X - +2 pair of gloves {Str+3}
rMut   .         NoTele   +     q - +2 pair of boots
Gourm  .         NoCast   +     y - amulet of clarity
MR     ++++.                    p - ring of see invisible
                                L - ring "Chiazuil" {rN+ MR+ Stlth+}

@: quite poisoned, incredibly resistant to hostile enchantments, extremely
unstealthy
A: retaliatory headbutt, horns 2, breathe flames 1, cold resistance 1, slow
healing 1, spit poison 1
a: Spit Poison, Burn Spellbooks, Berserk, Trog's Hand, Brothers in Arms,
Renounce Religion, Breathe Fire
}: 3/15 runes: barnacled, silver, gossamer


You were on level 1 of the Realm of Zot.
You worshipped Trog.
Trog was exalted by your worship.
You were not hungry.

You visited 11 branches of the dungeon, and saw 53 of its levels.
You visited 2 bazaars.
You also visited: Bailey and Ice Cave.

You collected 8774 gold pieces.
You spent 4522 gold pieces at shops.

Inventory:

Hand weapons
 E - a +9 demon whip of draining (weapon)
 V - a +9 demon whip of venom
Armour
 i - the +15 Maxwell's patent armour (worn) {rC+ rF+, -Cast -Tele MR+}
   (You bought it in a shop in a bazaar)

   It affects your resistance to hostile enchantments.
   It prevents spellcasting.
   It prevents most forms of teleportation.
 q - a +2 pair of boots (worn)
 H - the +2 shield of Resistance (worn) {rF+ rC+ MR+}
   (You found it on level 2 of the Lair of Beasts)

   It protects you from fire.
   It protects you from cold.
   It affects your resistance to hostile enchantments.
 X - a +2 pair of gloves of strength (worn)
 Y - a +2 hat (worn)
 Z - the +0 cloak of Objectivity (worn) {Dex+2 Int+2}
   (You acquired it on level 2 of the Elven Halls)

   It affects your intelligence (+2).
   It affects your dexterity (+2).
Magical devices
 b - a wand of digging (13)
 j - a wand of fire (6)
 l - a wand of fireball (4)
 B - a wand of hasting (3)
 G - a wand of fire (1)
 P - a wand of lightning (5)
 R - a wand of cold (3)
 S - a wand of disintegration (7)
Comestibles
 g - 26 meat rations
 k - 4 bread rations
 z - 5 royal jellies
Scrolls
 d - 4 scrolls of holy word
 e - 2 scrolls of silence
 m - 5 scrolls of recharging
 s - 6 scrolls of identify
 t - 22 scrolls of remove curse
 u - 3 scrolls of blinking
 v - 3 scrolls of magic mapping
 w - a scroll of summoning
 D - 12 scrolls of teleportation
 J - 3 scrolls of vulnerability
 K - 9 scrolls of fear
 N - 3 scrolls of enchant armour
Jewellery
 f - an uncursed ring of protection from magic
 p - a ring of see invisible (right hand)
 y - an amulet of clarity (around neck)
 A - an uncursed ring of protection from fire
 C - an uncursed ring of sustain abilities
 I - an uncursed amulet of resist mutation
 L - the ring "Chiazuil" (left hand) {rN+ MR+ Stlth+}
   (You found it on level 5 of the Vaults)

   [ring of stealth]

   It protects you from negative energy.
   It affects your resistance to hostile enchantments.
   It makes you more stealthy.
 Q - an uncursed ring of flight
 T - an uncursed ring of positive energy
Potions
 a - 6 potions of haste
 c - 3 potions of cure mutation
 h - 13 potions of curing
 n - 4 potions of restore abilities
 o - 4 potions of resistance
 r - 2 potions of agility
 x - 2 potions of heal wounds
 F - a potion of invisibility
 O - 8 potions of might
Miscellaneous
 W - a lamp of fire


   Skills:
 + Level 21.9 Fighting
 - Level 12.6 Maces & Flails
 + Level 22.0 Armour
 + Level 20.5 Dodging
 + Level 21.7 Shields
 + Level 18.3 Evocations


You had 23 spell levels left.
You didn't know any spells.

Dungeon Overview and Level Annotations

Branches:
Dungeon (15/15)            Temple (1/1) D:5             Orc (4/4) D:12
    Elf (3/3) Orc:4          Lair (8/8) D:8          Shoals (5/5) Lair:6
 Spider (5/5) Lair:4        Slime (0/6) Lair:8       Vaults (5/5) D:13
  Crypt (1/3) Vaults:2     Depths (5/5) D:15            Zot (1/5) Depths:5

Altars:
Ashenzari
Cheibriados
Dithmenos
Fedhas
Kikubaaqudgha
Makhleb
Nemelex Xobeh
Okawaru
Vehumet
Xom
Yredelemnul
Zin
The Shining One
Beogh
Jiyva

Shops:
D:6 !(%(   D:12 (   D:14 (   Orc:4 *(::   Shoals:4 [   Vaults:2 :*   Vaults:4 (
Depths:4 ?

Portals:
Hell: Depths:1 Depths:3 Depths:4
Abyss: Depths:4 Depths:5
Pandemonium: Depths:3 Depths:4
Trove: Depths:1 (give 2 scrolls of acquirement)

Annotations:
Lair:1 exclusion: oklob plant


Innate Abilities, Weirdness & Mutations

You reflexively headbutt those who attack you in melee.
You have a pair of horns on your head.
You can breathe flames.
Your flesh is cold resistant.
You heal slowly when monsters are visible.
You can spit poison.


Message History

The blast of poison misses you.
The red draconian is engulfed in poison gas.
The red draconian is poisoned.
The red draconian breathes flames at you.
The searing blast misses you.
The searing blast hits the fire dragon.
The fire dragon resists.
You are engulfed in poison gas.
You are more poisoned.
You feel very sick.
The red draconian is engulfed in poison gas.
The red draconian looks even sicker.
The red draconian completely misses you.
You furiously retaliate!
You headbutt the red draconian!
Really walk into that cloud of poison gas?
Okay, then.
Really walk into that cloud of poison gas?
You are engulfed in poison gas.
You are more poisoned.
You feel very sick.
The red draconian is engulfed in poison gas.
The red draconian looks even sicker.
You block the red draconian's attack.
Are you sure you want to abandon this character and quit the game? (Confirm with "yes".)

..............
..............
##..............
............##..
............#### ..
.........>### ##.
###.##.#...#
##d######...##.....
#§@D§D§#..##.......
#§§§§####§.§#######....
####... ###k§# #....
#..#§### #.... #§b§#
#.... ###§§# #....
≈.#.# ##... ≈≈≈§§§# #..
§DD$§§#≈≈


You could see a golden dragon, a red draconian, a fire dragon and a lindwurm.

Vanquished Creatures
  Saint Roka (Shoals:5)
  Boris (Vaults:4)
  Norris (Shoals:2)
  2 golden dragons
  Jory (Vaults:3)
  the Enchantress (Depths:4)
  Nikola (Shoals:2)
  An electric golem (Zot:1)
  A bone dragon (Zot:1)
  Arachne (Spider:4)
  5 tentacled monstrosities
  The ghost of isthmus the Fencer, a mighty OpBe of Trog (Vaults:2)
  2 liches (Vaults:5)
  3 deep elf blademasters (Elf:3)
  4 titans (Vaults:5)
  A deep elf master archer (Elf:3)
  6 storm dragons
  Polyphemus (Shoals:3)
  2 krakens
  7 sphinxes
  Rupert (Shoals:3)
  Agnes (Shoals:5)
  8 tengu reavers
  An Executioner (Elf:3)
  Frances (D:14)
  3 shadow dragons (Vaults:5)
  Ilsuiw (Shoals:5)
  Maud (Lair:8)
  9 emperor scorpions
  2 ghost moths
  4 fire giants
  11 deep elf sorcerers (Elf:3)
  A draconian knight (Depths:5)
  Aizul (Shoals:5)
  19 vault wardens
  6 frost giants
  2 balrugs
  2 war gargoyles (Depths:2)
  A cacodemon (Depths:5)
  4 spriggan defenders (Depths:4)
  A reaper (Depths:5)
  20 stone giants
  A draconian annihilator (Depths:5)
  10 deep elf demonologists
  A vampire knight (Depths:4)
  9 very ugly things
  The ghost of johnstein the Grappler, a powerful TrBe of Trog (Lair:6)
  12 deep elf annihilators
  A lorocyproca (Depths:4)
  Azrael (Elf:2)
  A black draconian (Depths:5)
  A pale draconian (Depths:5)
  5 rakshasas
  A purple draconian (Depths:5)
  9 ettins
  Snorg (Lair:8)
  3 merfolk javelineers (Shoals:5)
  35 vault guards
  7 deep elf death magi
  A crystal guardian (Vaults:2)
  A minotaur (Depths:3)
  Josephine (Orc:3)
  12 fire dragons
  3 merfolk impalers
  11 ironheart preservers
  4 deep elf high priests
  21 yaktaur captains
  5 great orbs of eyes
  Fannar (Lair:6)
  Harold (D:15)
  4 hydras
  4 ice dragons
  A ravenous feature mimic (Depths:4)
  2 ravenous item mimics
  12 ogre magi
  A monstrous demonspawn (Depths:4)
  5 centaur warriors
  5 sirens
  6 tengu warriors
  Erica (D:15)
  A deep troll earth mage (Vaults:1)
  A deep troll shaman (Depths:3)
  A siren (shapeshifter) (Vaults:5)
  4 spriggan air magi (Depths:4)
  2 alligator snapping turtles (Shoals:5)
  4 merfolk aquamancers
  A death knight (Vaults:2)
  2 satyrs
  4 hell knights (Vaults:3)
  26 death yaks
  3 dancing weapons
  An orc high priest (Elf:1)
  2 catoblepae
  Urug (Shoals:1)
  2 shock serpents (shapeshifter)
  A soul eater (Depths:4)
  4 spriggan berserkers (Depths:4)
  A shadow wraith (D:13)
  Nergalle (Lair:6)
  An iron golem (Depths:2)
  The ghost of bwiles81 the Cruncher, an experienced MiGl of Makhleb (Bailey)
  2 fire crabs
  A catoblepas (shapeshifter) (Depths:2)
  5 large abominations (Elf:3)
  26 deep elf knights
  9 sea snakes
  6 wizards
  3 sun demons
  A flayed ghost (Vaults:3)
  A sea snake (shapeshifter) (Depths:2)
  14 orb spiders
  4 unseen horrors
  11 deep trolls
  A shadow dragon zombie (Vaults:5)
  4 harpies
  2 ice statues
  8 hill giants
  A deep troll (shapeshifter) (Vaults:4)
  14 deep elf summoners
  A harpy (shapeshifter) (Vaults:4)
  A lindwurm (Zot:1)
  Pikel (D:5)
  2 ugly thing zombies (Vaults:2)
  4 phantasmal warriors
  17 ironbrand convokers
  12 orc knights
  31 wolf spiders
  13 deep elf conjurers
  A stone giant zombie (Vaults:4)
  7 red wasps
  8 griffons
  An orc sorcerer (Vaults:5)
  7 cyclopes
  31 ugly things
  6 manticores
  The ghost of DrPain the Nimble, an experienced SpAs of Okawaru (D:6)
  3 necromancers
  An octopode (shapeshifter) (Depths:4)
  A salamander (shapeshifter) (Vaults:3)
  11 fauns
  8 elephants
  A stone giant skeleton (Vaults:4)
  A cyclops (shapeshifter) (Elf:3)
  5 water nymphs
  A shining eye (shapeshifter) (Vaults:5)
  18 vault sentinels
  3 moths of wrath
  4 drowned souls
  10 mermaids
  A guardian serpent (shapeshifter) (Depths:2)
  A moth of wrath (shapeshifter) (Depths:2)
  A molten gargoyle (Depths:2)
  A smoke demon (Elf:3)
  42 yaktaurs
  6 black mambas
  An eye of devastation (shapeshifter) (Vaults:5)
  A queen ant (Spider:5)
  An orange crystal statue (D:9)
  18 spiny frogs
  2 torpor snails
  A gargoyle (D:10)
  9 komodo dragons
  2 kobold demonologists
  10 demonic crawlers
  8 small abominations
  2 elves (shapeshifter)
  5 fire drakes
  3 tengu conjurers
  2 iron devils (Depths:4)
  5 trolls
  A yaktaur skeleton (Vaults:4)
  24 merfolk
  20 two-headed ogres
  3 freezing wraiths
  18 deep elf priests
  34 jumping spiders
  Sonja (Shoals:1)
  16 polar bears
  A queen bee (Lair:3)
  13 boulder beetles
  3 queen bees (shapeshifter)
  A wind drake (shapeshifter) (Vaults:2)
  10 wind drakes
  14 slime creatures
  A hydra skeleton (D:15)
  20 ravens
  2 spriggan zombies (Depths:1)
  27 blink frogs
  A trapdoor spider (shapeshifter) (Elf:2)
  4 basilisks
  A boulder beetle (shapeshifter) (Depths:2)
  An ettin zombie (Vaults:4)
  4 air elementals
  22 tarantellas
  17 trapdoor spiders
  A baby alligator (shapeshifter) (Vaults:4)
  A basilisk (shapeshifter) (Elf:3)
  A flying skull (Vaults:2)
  A redback (shapeshifter) (Vaults:5)
  70 yaks
  8 spriggans (Depths:4)
  A shadow (D:13)
  4 wyverns
  62 redbacks
  23 water elementals
  2 tarantellas (shapeshifter)
  12 snapping turtles
  3 human skeletons
  3 vampires
  A human (shapeshifter) (Vaults:2)
  3 fire elementals
  4 wraiths
  2 fire bats (Zot:1)
  5 steam dragons (Lair:8)
  Eustachio (D:6)
  28 deep elf magi
  6 hungry ghosts
  37 deep elf fighters
  15 hippogriffs
  8 wargs
  A golden eye (shapeshifter) (Elf:2)
  7 soldier ants (Spider:5)
  8 vampire mosquitoes
  33 wolves
  60 orc warriors
  5 hell hounds (Elf:2)
  3 mottled dragons
  A water moccasin (shapeshifter) (Depths:4)
  14 water moccasins
  4 black bears
  35 spiders
  45 ogres
  A swamp drake (Lair:8)
  10 porcupines
  5 phantoms
  An ettin simulacrum (Vaults:2)
  2 sky beasts
  6 ice beasts
  A necrophage (D:11)
  A spriggan simulacrum (Depths:1)
  8 boggarts
  4 human zombies
  A slave (D:5)
  6 yellow wasps (Depths:4)
  A lost soul (Vaults:5)
  20 centaurs
  2 boring beetles
  3 big kobolds (Vaults:2)
  Sigmund (D:2)
  Duvessa (D:4)
  16 crocodiles
  21 giant frogs
  2 glowing shapeshifter simulacra (Vaults:2)
  A yaktaur zombie (Vaults:4)
  Blork the orc (D:5)
  An earth elemental (Depths:2)
  2 cyclops zombies
  9 scorpions
  10 insubstantial wisps (Depths:1)
  2 cyclops skeletons
  3 eyes of draining
  15 wights
  6 electric eels
  23 killer bees
  Dowan (D:4)
  10 crimson imps
  A goliath beetle (D:10)
  An elf zombie (D:10)
  A centaur zombie (D:11)
  16 hounds
  5 jellies
  4 quasits
  A giant frog zombie (D:10)
  A centaur skeleton (D:7)
  A human simulacrum (Vaults:2)
  5 iron imps
  16 iguanas
  A two-headed ogre skeleton (D:13)
  5 orange rats
  Natasha (thrice) (D:3)
  12 orc priests
  21 orc wizards
  A statue (D:8)
  23 worker ants
  45 sheep
  A brain worm zombie (D:14)
  An ogre skeleton (D:6)
  2 mummies
  Terence (D:2)
  A worker ant zombie (D:5)
  16 adders
  3 gnolls (D:8)
  55 green rats
  5 orc zombies
  2 orc skeletons
  4 shadow imps
  9 white imps
  2 worms
  An ufetubus (D:6)
  187 orcs
  2 bat zombies
  4 giant cockroaches
  28 goblins
  23 hobgoblins
  3 jackals (D:8)
  23 kobolds
  15 quokkas
  2 ball pythons (D:3)
  31 bats
  6 giant geckos
  6 giant newts
  A giant newt skeleton (D:4)
  A giant spore (D:9)
  A hobgoblin simulacrum (Orc:3)
  A kobold skeleton (Crypt:1)
  A kobold zombie (D:5)
  3 orc simulacra (Orc:3)
  28 rats
  2 rat zombies
  3 ballistomycetes (D:9)
  4 crawling corpses
  A fungus (Elf:3)
  A plant (Lair:1)
  A tentacle (Shoals:4)
2472 creatures vanquished.

Vanquished Creatures (collateral kills)
  A titan (Vaults:5)
  A storm dragon (Zot:1)
  Roxanne (Shoals:3)
  Donald (Elf:1)
  A vault warden (Vaults:3)
  A ghost moth (Spider:5)
  A green draconian (Zot:1)
  A deep elf annihilator (Elf:3)
  An ettin (Vaults:1)
  A yaktaur captain (Vaults:1)
  An ironheart preserver (Vaults:1)
  The ghost of SlowGraham the Spear-Bearer, a powerful MfHu of Ashenzari (Orc:2)
  2 death yaks
  A deep troll earth mage (Vaults:1)
  3 merfolk aquamancers
  2 deep elf knights
  A sun demon (Elf:3)
  A catoblepas (Shoals:3)
  A giant orange brain (shapeshifter) (Vaults:5)
  2 sea snakes (Shoals:3)
  6 orb spiders
  2 ironbrand convokers
  A hill giant (Depths:1)
  A harpy (Shoals:5)
  An orc knight (Bailey)
  2 water nymphs (Shoals:3)
  A moth of wrath (Spider:5)
  A manticore (Shoals:2)
  A mermaid (Shoals:5)
  A drowned soul (Shoals:5)
  A torpor snail (Lair:7)
  A demonic crawler (Spider:2)
  5 merfolk
  A wind drake (Shoals:5)
  A deep elf priest (Vaults:5)
  A blue devil (Elf:3)
  3 jumping spiders
  3 deep elf magi
  2 hippogriffs
  A water elemental (Shoals:2)
  6 yaks
  A deep elf fighter (Elf:1)
  15 orc warriors
  A spider (Spider:2)
  4 ogres
  3 centaurs
  2 boggarts (Depths:1)
  A yellow wasp (Spider:5)
  2 orc priests (Orc:3)
  2 orc wizards (Orc:3)
  A spectral orc (Lair:6)
  5 white imps (Orc:3)
  14 orcs
  5 goblins (Bailey)
  A hobgoblin (Bailey)
  2 tentacles (Shoals:5)
126 creatures vanquished.

Vanquished Creatures (others)
  Margery (Vaults:3)
  An ettin (Vaults:5)
  A deep elf high priest (Elf:3)
  An ironheart preserver (Vaults:4)
  A deep elf knight (Elf:2)
  A deep troll (Shoals:3)
  5 ball lightnings
  An orb spider (Spider:2)
  A necromancer (Depths:1)
  A hill giant (Lair:8)
  A wolf spider (Spider:5)
  24 drowned souls
  6 fire elementals
  2 two-headed ogres
  A polar bear (IceCv)
  2 trolls
  A jumping spider (Spider:2)
  2 redbacks
  A fire bat (Zot:1)
  A mottled dragon (Zot:1)
  2 deep elf fighters
  An orc warrior (Vaults:5)
  A slave (D:5)
  3 ogres
  A boggart (Depths:1)
  3 lost souls
  A wight (D:9)
  An adder (D:5)
  A white imp (Orc:3)
  An orc (D:5)
  A giant newt (D:5)
  2 bushes (Depths:4)
  11 fungi
  5 plants
  19 tentacles
  269 tentacle segments
377 creatures vanquished.

Grand Total: 2975 creatures vanquished

Notes
Turn   | Place    | Note
--------------------------------------------------------------
     0 | D:1      | bwiles81, the Minotaur Berserker, began the quest for the Orb.
     0 | D:1      | Reached XP level 1. HP: 19/19 MP: 1/1
   181 | D:1      | Reached skill level 4 in Fighting
   227 | D:1      | Reached XP level 2. HP: 27/27 MP: 1/1
   468 | D:1      | Acquired Trog's second power
   553 | D:2      | Noticed Terence
   557 | D:2      | Killed Terence
   557 | D:2      | Reached XP level 3. HP: 33/33 MP: 2/2
   669 | D:2      | Noticed Sigmund
   680 | D:2      | Killed Sigmund
   680 | D:2      | Reached XP level 4. HP: 22/41 MP: 2/2
  1073 | D:3      | Reached XP level 5. HP: 38/47 MP: 2/2
  1093 | D:3      | Noticed Natasha
  1105 | D:3      | Killed Natasha
  1214 | D:3      | Noticed Natasha
  1224 | D:3      | Killed Natasha
  1224 | D:3      | Reached skill level 5 in Maces & Flails
  1403 | D:3      | Noticed Natasha
  1408 | D:3      | Killed Natasha
  1833 | D:4      | Found a burning altar of Makhleb.
  1836 | D:4      | Reached skill level 5 in Fighting
  1836 | D:4      | Reached XP level 6. HP: 54/56 MP: 3/3
  1878 | D:4      | Noticed Duvessa
  1879 | D:4      | Noticed Dowan
  1888 | D:4      | Killed Duvessa
  1890 | D:4      | Killed Dowan
  1890 | D:4      | Reached skill level 1 in Shields
  2005 | D:4      | Acquired Trog's third power
  2367 | D:5      | Entered Level 5 of the Dungeon
  2424 | D:5      | Reached XP level 7. HP: 38/61 MP: 3/3
  2537 | D:5      | Found a staircase to the Ecumenical Temple.
  2548 | D:5      | Noticed Pikel
  2560 | D:5      | Killed Pikel
  2560 | D:5      | Reached skill level 6 in Fighting
  2560 | D:5      | Reached skill level 5 in Armour
  2560 | D:5      | Reached skill level 5 in Dodging
  2560 | D:5      | Reached XP level 8. HP: 39/70 MP: 3/3
  2612 | Temple   | Entered the Ecumenical Temple
  3189 | D:5      | Found a glowing silver altar of Zin.
  3268 | D:5      | Noticed Blork the orc
  3284 | D:5      | Killed Blork the orc
  3519 | D:5      | Reached skill level 7 in Fighting
  3789 | D:6      | Found Ciapraih's Distillery.
  3798 | D:6      | Bought a potion of heal wounds for 42 gold pieces
  3858 | D:6      | Noticed DrPain's ghost (experienced SpAs)
  3901 | D:6      | Killed DrPain's ghost
  3901 | D:6      | Reached skill level 5 in Shields
  3901 | D:6      | Reached XP level 9. HP: 79/79 MP: 4/4
  4005 | D:6      | Found Lyutal's Weapon Shoppe.
  4029 | D:6      | Found Qaugio's Food Boutique.
  4041 | D:6      | Found Xaoqaen's Antique Weapon Emporium.
  4163 | D:6      | Found a blossoming altar of Fedhas.
  4314 | D:6      | Noticed Eustachio
  4338 | D:6      | Found a glowing golden altar of the Shining One.
  4433 | D:6      | Killed Eustachio
  4557 | D:7      | Reached skill level 8 in Fighting
  4734 | D:7      | Got an iridescent whip
  4735 | D:7      | Identified the +7 whip "Satuf" {freeze, Str+4} (You found it on level 7 of the Dungeon)
  5233 | D:8      | Received a gift from Trog
  5384 | D:8      | Received a gift from Trog
  5467 | D:8      | Found a radiant altar of Vehumet.
  5484 | D:8      | Reached XP level 10. HP: 71/90 MP: 4/4
  5523 | D:8      | Reached skill level 9 in Maces & Flails
  5541 | D:8      | Found a radiant altar of Vehumet.
  5633 | D:8      | Found a staircase to the Lair.
  5821 | Lair:1   | Entered Level 1 of the Lair of Beasts
  5850 | Lair:1   | Reached skill level 1 in Evocations
  6345 | Lair:1   | Noticed an oklob plant
  6430 | Lair:1   | Gained mutation: Your flesh is cold resistant. [potion of beneficial mutation]
  6431 | Lair:1   | Gained mutation: You can spit poison. [potion of beneficial mutation]
  7105 | Lair:2   | Reached skill level 10 in Maces & Flails
  7105 | Lair:2   | Reached XP level 11. HP: 77/99 MP: 10/10
  7108 | Lair:2   | Reached skill level 10 in Fighting
  8232 | Lair:3   | Received a gift from Trog
  9375 | Lair:3   | Reached skill level 10 in Armour
  9718 | Lair:4   | Reached skill level 5 in Evocations
  9906 | Lair:4   | Reached XP level 12. HP: 85/108 MP: 15/15
 10005 | Lair:4   | Noticed a six-headed hydra
 10015 | Lair:4   | Killed a six-headed hydra
 10015 | Lair:4   | Reached skill level 11 in Maces & Flails
 10015 | Lair:4   | Reached skill level 10 in Dodging
 10612 | Lair:4   | Found a hole to the Spider Nest.
 10612 | Lair:4   | Noticed an orb spider
 10641 | Lair:4   | Killed an orb spider
 10933 | Lair:5   | Received a gift from Trog
 11287 | Lair:5   | Reached skill level 10 in Shields
 11615 | Lair:5   | Received a gift from Trog
 11893 | Lair:5   | Received a gift from Trog
 12102 | Lair:6   | Noticed johnstein's ghost (powerful TrBe)
 12203 | Lair:6   | Killed johnstein's ghost
 12250 | Lair:6   | Noticed Fannar
 12270 | Lair:6   | Killed Fannar
 12270 | Lair:6   | Reached XP level 13. HP: 117/117 MP: 6/18
 12389 | Lair:6   | Noticed Nergalle
 12402 | Lair:6   | Killed Nergalle
 12466 | Lair:6   | Reached skill level 12 in Fighting
 12906 | Lair:6   | Found a staircase to the Shoals.
 14032 | Lair:7   | Received a gift from Trog
 14946 | Lair:8   | Entered Level 8 of the Lair of Beasts
 15758 | Lair:8   | Noticed Snorg
 15797 | Lair:8   | Killed Snorg
 16116 | Lair:8   | Received a gift from Trog
 16155 | Lair:8   | Got a fine chain mail
 16166 | Lair:8   | Identified the +7 chain mail of Luniy {Dex+4 Int+4} (You found it on level 8 of the Lair of Beasts)
 16236 | Lair:8   | Found a staircase to the Slime Pits.
 16241 | Lair:8   | Found a viscous altar of Jiyva.
 16436 | Lair:8   | Noticed Maud
 16454 | Lair:8   | Killed Maud
 16454 | Lair:8   | Reached XP level 14. HP: 115/127 MP: 6/21
 17354 | D:9      | Received a gift from Trog
 17674 | D:9      | Reached skill level 13 in Fighting
 17800 | D:9      | Found a snail-covered altar of Cheibriados.
 17822 | D:9      | Found a sparkling altar of Nemelex Xobeh.
 17822 | D:9      | Noticed a fire giant
 17841 | D:9      | Got a pitted whip
 17854 | D:9      | Identified the cursed +3 whip of Havoc {freeze, rPois rN+} (You found it on level 9 of the Dungeon)
 17873 | D:10     | Entered Level 10 of the Dungeon
 17964 | D:10     | Found a flagged portal.
 17974 | Bailey   | Entered a bailey
 17991 | Bailey   | Noticed bwiles81's ghost (experienced MiGl)
 18011 | Bailey   | Killed bwiles81's ghost
 18116 | Bailey   | Received a gift from Trog
 18891 | D:11     | Found an iron altar of Okawaru.
 19554 | D:12     | Found a staircase to the Orcish Mines.
 19584 | D:12     | Received a gift from Trog
 19776 | D:12     | Found Tianioha's Antique Weapon Emporium.
 20248 | Orc:1    | Entered Level 1 of the Orcish Mines
 20383 | Orc:2    | Noticed SlowGraham's ghost (powerful MfHu)
 20405 | Orc:2    | Killed SlowGraham's ghost
 20882 | Orc:3    | Received a gift from Trog
 21243 | Orc:4    | Entered Level 4 of the Orcish Mines
 21248 | Orc:3    | Noticed Josephine
 21253 | Orc:3    | Found a frozen archway.
 21265 | IceCv    | Entered an ice cave
 21743 | IceCv    | Reached XP level 15. HP: 106/137 MP: 8/24
 21745 | IceCv    | Received a gift from Trog
 21783 | IceCv    | Noticed a frost giant
 21805 | IceCv    | Killed a frost giant
 21892 | Orc:3    | Killed Josephine
 22033 | Orc:2    | Reached skill level 14 in Fighting
 22080 | Orc:2    | Found a radiant altar of Vehumet.
 22487 | Orc:4    | Received a gift from Trog
 22765 | Orc:4    | Received a gift from Trog
 22782 | Orc:4    | Found Seitimum's Book Boutique.
 22782 | Orc:4    | Found Hywugi's Antique Weapon Shoppe.
 22794 | Orc:4    | Found Esua's Assorted Antiques.
 22797 | Orc:4    | Found Upled's Book Shop.
 22874 | Orc:4    | Bought a scroll of teleportation for 75 gold pieces
 22874 | Orc:4    | Bought 2 potions of flight for 150 gold pieces
 22874 | Orc:4    | Bought a thick steel amulet for 125 gold pieces
 23163 | Orc:4    | Found a staircase to the Elven Halls.
 23296 | Elf:1    | Entered Level 1 of the Elven Halls
 23309 | Elf:1    | Reached skill level 10 in Evocations
 23317 | Elf:1    | Found a radiant altar of Vehumet.
 24459 | Elf:1    | Received a gift from Trog
 24731 | Elf:1    | Noticed Donald
 24755 | Elf:1    | Killed Donald
 25356 | D:13     | Received a gift from Trog
 25678 | D:13     | Found a gate to the Vaults.
 26661 | Shoals:1 | Entered Level 1 of the Shoals
 26712 | Shoals:1 | Noticed Urug
 26724 | Shoals:1 | Killed Urug
 26958 | Shoals:1 | Noticed Sonja
 26972 | Shoals:1 | Killed Sonja
 27247 | Shoals:1 | Reached XP level 16. HP: 140/147 MP: 8/26
 27358 | Shoals:2 | Noticed Norris
 27444 | Shoals:2 | Killed Norris
 27444 | Shoals:2 | Reached skill level 15 in Fighting
 27537 | Shoals:2 | Received a gift from Trog
 28340 | Shoals:2 | Noticed Nikola
 28371 | Shoals:2 | Killed Nikola
 28490 | Shoals:3 | Noticed Roxanne
 28511 | Shoals:3 | Reached skill level 15 in Armour
 28512 | Shoals:3 | Killed Roxanne
 28532 | Shoals:3 | Noticed Polyphemus
 28557 | Shoals:3 | Killed Polyphemus
 28824 | Shoals:3 | Noticed Rupert
 28884 | Shoals:3 | Killed Rupert
 29948 | Shoals:3 | Received a gift from Trog
 30393 | Shoals:4 | Found Qaahos' Antique Armour Shoppe.
 30792 | Shoals:4 | Reached skill level 15 in Shields
 30937 | Shoals:4 | Reached skill level 15 in Dodging
 31228 | Shoals:5 | Entered Level 5 of the Shoals
 31762 | Shoals:5 | Received a gift from Trog
 32163 | Shoals:5 | Reached XP level 17. HP: 158/158 MP: 28/28
 32206 | Shoals:5 | Noticed Aizul
 32216 | Shoals:5 | Killed Aizul
 32219 | Shoals:5 | Noticed Ilsuiw
 32230 | Shoals:5 | Reached skill level 16 in Fighting
 32518 | Shoals:5 | Noticed Agnes
 32529 | Shoals:5 | Killed Agnes
 32550 | Shoals:5 | Killed Ilsuiw
 32570 | Shoals:5 | Noticed Saint Roka
 32597 | Shoals:5 | Killed Saint Roka
 33555 | Shoals:5 | Got a barnacled rune of Zot
 34275 | Elf:2    | Received a gift from Trog
 34467 | Elf:2    | Noticed Azrael
 34478 | Elf:2    | Killed Azrael
 34902 | Elf:2    | Identified a scroll of acquirement
 34904 | Elf:2    | Got a transparent cloak
 34915 | Elf:2    | Identified the +0 cloak of Objectivity {Dex+2 Int+2} (You acquired it on level 2 of the Elven Halls)
 35347 | Elf:3    | Entered Level 3 of the Elven Halls
 35893 | Elf:3    | Received a gift from Trog
 36530 | Elf:3    | Received a gift from Trog
 36817 | Elf:3    | Reached XP level 18. HP: 166/168 MP: 30/30
 36996 | Elf:3    | Reached skill level 17 in Fighting
 37050 | Elf:3    | Noticed a Brimstone Fiend
 37766 | Elf:3    | Received a gift from Trog
 38137 | Elf:3    | Got a steaming brass ring
 38138 | Elf:3    | Identified the ring "Schyisk" {+Inv Str+4} (You took it off a deep elf sorcerer on level 3 of the Elven Halls)
 38212 | Elf:3    | Got a faintly glowing glass ring
 38249 | Elf:3    | Identified the ring of Botiggou {SustAb Str-3} (You took it off a deep elf mage on level 3 of the Elven Halls)
 38607 | Elf:3    | Got a transparent platinum amulet
 38609 | Elf:3    | Identified the amulet "Plae" {Inacc rElec rF+} (You found it on level 3 of the Elven Halls)
 38715 | Elf:3    | Noticed a Hell Sentinel
 38720 | Elf:3    | Got a vibrating crystal amulet
 38975 | Vaults:1 | Entered Level 1 of the Vaults
 39410 | Lair:2   | Noticed a four-headed hydra
 39414 | Lair:2   | Killed a four-headed hydra
 39632 | Shoals:2 | Identified the amulet "Teacw" {Gourm Dex+1 Int+3} (You took it off a deep elf demonologist on level 3 of the Elven Halls)
 39817 | Spider:1 | Entered Level 1 of the Spider Nest
 39932 | Spider:1 | Received a gift from Trog
 41140 | Spider:2 | Gained mutation: You can breathe flames. [potion of beneficial mutation]
 41963 | Spider:3 | Reached XP level 19. HP: 179/179 MP: 31/31
 42510 | Spider:4 | Noticed Arachne
 42522 | Spider:4 | Killed Arachne
 42610 | Spider:4 | Received a gift from Trog
 42970 | Spider:5 | Entered Level 5 of the Spider Nest
 43113 | Spider:5 | Reached skill level 18 in Fighting
 43212 | Spider:5 | Received a gift from Trog
 43303 | Spider:5 | Received a gift from Trog
 44933 | Spider:5 | Received a gift from Trog
 45527 | Spider:5 | Got a gossamer rune of Zot
 46848 | Vaults:1 | Received a gift from Trog
 46924 | Vaults:1 | Found a glowing silver altar of Zin.
 47316 | Vaults:1 | Reached XP level 20. HP: 168/189 MP: 32/32
 47532 | Vaults:2 | Found a staircase to the Crypt.
 47553 | Crypt:1  | Entered Level 1 of the Crypt
 47765 | Vaults:2 | Noticed isthmus' ghost (mighty OpBe)
 47770 | Vaults:2 | Received a gift from Trog
 47779 | Vaults:2 | Killed isthmus' ghost
 47779 | Vaults:2 | Reached skill level 15 in Evocations
 47924 | Vaults:2 | Reached skill level 19 in Fighting
 48076 | Vaults:2 | Found Pnief's Book Emporium.
 48127 | Vaults:2 | Found Oceane's General Store.
 48131 | Vaults:2 | Found a flickering gateway to a bazaar.
 48140 | Bazaar   | Entered a bazaar
 48140 | Bazaar   | Found Deimn's Magic Scroll Boutique.
 48140 | Bazaar   | Found Seacasus' Jewellery Emporium.
 48146 | Bazaar   | Bought a scroll of identify for 16 gold pieces
 48146 | Bazaar   | Bought a scroll of identify for 16 gold pieces
 48146 | Bazaar   | Bought a scroll of magic mapping for 28 gold pieces
 48164 | Bazaar   | Found Ruathr Ecrid's General Store.
 48171 | Bazaar   | Found Skedioq's Book Shop.
 48178 | Bazaar   | Found Ymiawogg's Magic Scroll Shop.
 48185 | Bazaar   | Bought a scroll of holy word for 90 gold pieces
 48185 | Bazaar   | Bought a scroll of identify for 24 gold pieces
 48214 | Vaults:2 | Bought a scroll of identify for 22 gold pieces
 48214 | Vaults:2 | Bought a scroll of acquirement for 572 gold pieces
 48214 | Vaults:2 | Bought a wand of fireball (4) for 176 gold pieces
 48704 | Vaults:2 | Received a gift from Trog
 49188 | Vaults:3 | Found a flickering gateway to a bazaar.
 49193 | Bazaar   | Entered a bazaar
 49197 | Bazaar   | Found Shriofucayr's Assorted Antiques.
 49203 | Bazaar   | Bought a pair of steaming boots for 256 gold pieces
 49203 | Bazaar   | Bought a scroll of teleportation for 81 gold pieces
 49214 | Bazaar   | Identified the cursed -2 pair of boots of Polytheism {Dex+3 Int+3} (You bought it in a shop in a bazaar)
 49240 | Bazaar   | Found Higeigoi's Book Emporium.
 49257 | Bazaar   | Found Chirrun's Book Boutique.
 49275 | Bazaar   | Found Blich's Antique Armour Shoppe.
 49297 | Bazaar   | Bought the cursed +15 Maxwell's patent armour {rC+ rF+, -Cast -Tele MR+} for 2501 gold pieces
 49434 | Vaults:3 | Noticed Jory
 49485 | Vaults:3 | Killed Jory
 49872 | Vaults:3 | Received a gift from Trog
 50112 | Vaults:3 | Noticed Margery
 50137 | Vaults:3 | Killed Margery
 50573 | Vaults:3 | Received a gift from Trog
 51380 | Vaults:4 | Received a gift from Trog
 51380 | Vaults:4 | Reached XP level 21. HP: 133/199 MP: 34/34
 51419 | Vaults:4 | Noticed Boris
 51452 | Vaults:4 | Killed Boris
 52097 | Vaults:4 | Found Duskacum's Antique Weapon Shop.
 52591 | Vaults:5 | Entered Level 5 of the Vaults
 52761 | Vaults:4 | Received a gift from Trog
 52813 | Vaults:4 | Reached skill level 20 in Fighting
 53050 | Vaults:5 | Received a gift from Trog
 53846 | Vaults:5 | Reached XP level 22. HP: 178/210 MP: 35/35
 54031 | Vaults:5 | Received a gift from Trog
 54056 | Vaults:5 | Got a steaming mace
 54057 | Vaults:5 | Identified the +6 mace of Tutefaqu {crush, Str+3} (You found it on level 5 of the Vaults)
 54764 | Vaults:5 | Got a transparent glass ring
 54787 | Vaults:5 | Identified the ring "Chiazuil" {rN+ MR+ Stlth+} (You found it on level 5 of the Vaults)
 55087 | Vaults:5 | Gained mutation: You heal slowly when monsters are visible. [a shining eye]
 55103 | Vaults:5 | Received a gift from Trog
 55355 | Vaults:5 | Got a silver rune of Zot
 56525 | D:14     | Found a shimmering altar of Xom.
 56528 | D:14     | Found a shimmering altar of Xom.
 56528 | D:14     | Found a shimmering altar of Xom.
 56537 | D:14     | Noticed Frances
 56554 | D:14     | Killed Frances
 56623 | D:14     | Found Suumali's Weapon Emporium.
 56680 | D:14     | Received a gift from Trog
 56936 | D:14     | Found a roughly hewn altar of Beogh.
 57151 | D:15     | Entered Level 15 of the Dungeon
 57220 | D:15     | Found a staircase to the Depths.
 57272 | D:15     | Noticed Harold
 57273 | D:15     | Noticed Erica
 57297 | D:15     | Killed Harold
 57311 | D:15     | Killed Erica
 57671 | D:15     | Received a gift from Trog
 57982 | Depths:1 | Entered Level 1 of the Depths
 57992 | Depths:1 | Reached skill level 21 in Fighting
 58100 | Depths:1 | Found a portal to a secret trove of treasure.
 58712 | Depths:1 | Received a gift from Trog
 58992 | Depths:1 | Reached XP level 23. HP: 217/217 MP: 36/36
 59352 | Depths:1 | Found a gateway to Hell.
 61938 | Depths:3 | Received a gift from Trog
 62049 | Depths:3 | Found a one-way gate leading to the halls of Pandemonium.
 62854 | Depths:4 | Received a gift from Trog
 62864 | Depths:4 | Got an ichor-stained dire flail {god gift}
 62865 | Depths:4 | Identified the +11 dire flail "Luivav" {crush, rC+ Stlth+} (Trog gifted it to you on level 4 of the Depths)
 63367 | Depths:4 | Found a one-way gate to the infinite horrors of the Abyss.
 63371 | Depths:4 | Found Blataq's Magic Scroll Boutique.
 63377 | Depths:4 | Bought a scroll of remove curse for 51 gold pieces
 63377 | Depths:4 | Bought a scroll of remove curse for 51 gold pieces
 63377 | Depths:4 | Bought a scroll of identify for 34 gold pieces
 63377 | Depths:4 | Bought a scroll of identify for 34 gold pieces
 63377 | Depths:4 | Bought a scroll of remove curse for 51 gold pieces
 63377 | Depths:4 | Bought a scroll of enchant armour for 127 gold pieces
 63385 | Depths:4 | Found a gateway to a ziggurat.
 63449 | Depths:4 | the gateway to a ziggurat was a mimic.
 63575 | Depths:4 | Noticed the Enchantress
 63625 | Depths:4 | Killed the Enchantress
 63692 | Depths:4 | Received a gift from Trog
 63707 | Depths:4 | Got a faerie dragon armour
 63708 | Depths:4 | Identified the +8 faerie dragon armour {SInv} (You took it off the Enchantress on level 4 of the Depths)
 64318 | Depths:5 | Entered Level 5 of the Depths
 65213 | Depths:5 | Found a gate to the Realm of Zot.
 65257 | Zot:1    | Entered Level 1 of the Realm of Zot
 65297 | Zot:1    | Reached XP level 24. HP: 208/223 MP: 37/37
 65331 | Zot:1    | Received a gift from Trog
 65332 | Zot:1    | Got a jewelled flail {god gift}
 65333 | Zot:1    | Identified the +9 flail of Chance {freeze, rC+} (Trog gifted it to you on level 1 of the Realm of Zot)
 65507 | Zot:1    | Reached skill level 22 in Armour
 65538 | Zot:1    | Quit the game

Action                   |  1- 3 |  4- 6 |  7- 9 | 10-12 | 13-15 | 16-18 | 19-21 | 22-24 || total
-------------------------+-------+-------+-------+-------+-------+-------+-------+-------++-------
Melee: Mace              |    64 |   144 |   266 |       |       |       |       |       ||   474
       Whip              |       |       |   116 |   457 |     4 |   446 |  1031 |       ||  2054
       Morningstar       |       |       |       |    87 |       |       |       |       ||    87
       Demon whip        |       |       |       |   237 |  2136 |  1430 |  2046 |  2264 ||  8113
Invok: Berserk           |     2 |     2 |     4 |     8 |     4 |     9 |     3 |       ||    32
       Trog's Hand       |       |       |       |     6 |    11 |    16 |     3 |     7 ||    43
       Burn Spellbooks   |       |       |       |     3 |     4 |     3 |       |       ||    10
       Brothers in Arms  |       |       |       |     1 |    12 |    16 |     4 |     1 ||    34
 Abil: Evoke Flight      |       |       |       |       |       |     5 |       |       ||     5
       Breathe Fire      |       |       |       |       |       |       |    10 |     2 ||    12
       Spit Poison       |       |       |       |       |       |       |       |     1 ||     1
Evoke: Wand              |       |     1 |     2 |     3 |     5 |    26 |     2 |     1 ||    40
       Lamp of fire      |       |       |       |       |       |       |     4 |     3 ||     7
  Use: Scroll            |       |    10 |     7 |     9 |    14 |    21 |    19 |    16 ||    96
       Potion            |       |       |     4 |     5 |     3 |    13 |     7 |     5 ||    37
 Stab: Fleeing           |       |       |       |       |     1 |       |       |       ||     1
       Distracted        |       |       |       |       |       |       |     4 |     1 ||     5
  Eat: Bread ration      |       |     1 |     1 |     2 |       |     7 |     6 |     6 ||    23
       Chunk             |       |     3 |     4 |     9 |    30 |    10 |       |     2 ||    58
       Pizza             |       |     1 |     1 |     1 |     2 |     1 |       |     2 ||     8
       Beef jerky        |       |       |     1 |     2 |     6 |     1 |     2 |     2 ||    14
       Meat ration       |       |       |     1 |     1 |       |     1 |       |       ||     3
       Royal jelly       |       |       |       |     2 |     3 |     1 |     2 |       ||     8
       Fruit             |       |       |       |     1 |     8 |     3 |       |     5 ||    17
